AoeStats
← godissixyearold

Arabia

510716972Analyzed
1v1 RM · 18h ago on Oct 2, 2026· 34m 19s· 2 players
Game mode
Random Map
Map size
Tiny (2 player)
Population
200
Speed
Normal
Resources
Standard
Victory
Conquest
Starting age
Dark Age
Ending age
Imperial Age
RankedLock teamsTeams togetherTeam positionsShared explorationLock speedFull tech treeHidden civsTurbo modeCheats
Victory
Defeat
🇪🇸 Lithuanians · Spain
1101
+16
🇹🇼 Britons · Taiwan
1091
-16
godissixyearold
7:22 Loom
9:58 Feudal Age
10:33 Man-at-Arms
21:20 Castle Age
20:11 Horse Collar
20:37 Fletching
21:53 Padded Archer Armor
22:41 Double-Bit Axe
22:40 Crossbowman
25:22 Bodkin Arrow
27:12 Leather Archer Armor
29:15 Pikeman
Mr. X
7:38 Loom
10:07 Feudal Age
10:39 Double-Bit Axe
12:58 Bloodlines
21:16 Castle Age
20:09 Gold Mining
21:04 Horse Collar
22:02 Scale Barding Armor
25:26 Chain Barding Armor
27:59 Husbandry
28:46 Forging
33:26 Wheelbarrow
34:37 Iron Casting
Connection lost

Rejoining the realm…

Still unreachable

The connection could not be restored.

Session expired

The server has moved on; the page needs a fresh start.